 Dungeon Crawl Stone Soup version 0.28-a0-1152-g9c71ebef14 (webtiles) character file.

Game seed: 1889717744967767657

0 spaghetti the Sneak (level 1, -1/20 HPs)
             Began as a Djinni Delver on Dec 14, 2021.
             Slain by a centaur (4 damage)
             ... on level 5 of the Dungeon.
             The game lasted 00:00:20 (35 turns).

spaghetti the Sneak (Djinni Delver)                   Turns: 35, Time: 00:00:21

Health: -1/20      AC:  3    Str: 11    XL:     1   Next: 0%
Gold:   0          EV: 12    Int: 11    God:
                   SH:  0    Dex: 14

rFire   + + .      SeeInvis .   a - +0 falchion {long}
rCold   x . .      Faith    .   (no shield)
rNeg    . . .      Spirit   .   b - +0 leather armour
rPois   ∞          Reflect  .   (no helmet)
rElec   .          Harm     .   (no cloak)
rCorr   .          Rampage  .   (no gloves)
Will    .....                   (boots unavailable)
Stlth   ++........              (no amulet)
HPRegen 0.06/turn               (no ring)
MPRegen 0.00/turn               (no ring)

@: flying, hasted, very quick
A: sickness immunity, fire resistance 2, cold vulnerability 1, float, innate
caster, hp casting, extra vitality 1
a: no special abilities


You were on level 5 of the Dungeon.
You visited 1 branch of the dungeon, and saw 2 of its levels.


Innate Abilities, Weirdness & Mutations

You are immune to sickness and miasma.
You are immune to poison.
Your flesh is very heat resistant. (rF++)
You are vulnerable to cold. (rC-)
You float through the air rather than walking.
You learn spells naturally, not from books.
Your magical power is your life essence.
You have superior vitality. (+4 HP)


   Skills:
 - Level 3.0 Fighting
 - Level 1.7 Long Blades
 + Level 2.1 Dodging
 - Level 4.1 Stealth


You couldn't memorise any spells.
You didn't know any spells.
Your spell library was empty.

Inventory:

Hand Weapons
 a - a +0 falchion (weapon) {long}
Armour
 b - a +0 leather armour (worn)
Wands
 g - a wand of digging (3)
Scrolls
 c - a scroll of fog
 d - a scroll of magic mapping {!r}

Dungeon Overview and Level Annotations

Branches:
Dungeon (5/15)
 Temple: D:4-7

Altars:

Annotations:
D:5 Pikel

#
##.#########.#
#.......c....#
#....@#
#....##.# ...
#.# . #<# #.#
#.# #.# #.#
#.#


You could see a centaur.


Message History

🤖 Initializing magus.rc ...
Options error: Delay interrupt name "hungry" not recognised. (~/.crawlrc:4771) ✅ Successfully initialized magus.rc [v1.9.6] Welcome, spaghetti the Djinni Delver.
It is said that the Orb of Zot exists deep within this dungeon.
Press ? for a list of commands and other information.
Found a cyan potion and a dagger.
Found a stone staircase leading down.
h - a cyan potion
There is a stone staircase leading down here.
You see here a +0 dagger {short}. 2 lemures come into view.
The lemure shouts!
You hear a shout!
Pikel, Merchant of Souls comes into view.
He is wielding a +1 whip of flaming and carrying a wand of charming (11).
Found a stone staircase leading up.
A goblin comes into view. It is wielding a +0 hunting sling.
A goblin and an orc come into view.
A goblin and 2 lemures come into view.
The lemure moves out of view.
There is a stone staircase leading up here.
The lemure hits you but does no damage.
The goblin shoots a stone.
The stone barely misses you.
You fly upwards.
The hobgoblin shouts!
Found a scroll labelled DYRROMPU UDOF.
Found a stone staircase leading down.
There is a stone staircase leading down here.
Unknown command.
Unknown command.
Unknown command.
As you read the scroll of fear, it crumbles to dust.
You assume a fearsome visage.
The hobgoblin looks frightened!
The lemure looks frightened!
The hobgoblin tries to recover its lost courage.
It was a potion of flight.
You feel more buoyant.
Found an escape hatch in the ceiling.
Found a stone staircase leading up.
There is a stone staircase leading down here.
You fly downwards.
Level annotation: Pikel
There is a stone staircase leading up here.
Unknown command.
Unknown command.
A centaur is nearby!
The helpless centaur fails to defend itself.
You hit the centaur. The centaur hits you.
The centaur kicks you but does no damage.
The centaur hits you but does no damage.
The centaur kicks you but does no damage. 😕 HP[-2]
You take 2 damage, and now have 18/20 hp.
You hit the centaur. The centaur barely misses you.
The centaur kicks you but does no damage.
The centaur completely misses you. The centaur closely misses you.
You closely miss the centaur.
The centaur hits you but does no damage.
The centaur closely misses you. The centaur hits you.
The centaur misses you. 😮 HP[-3]
You take 3 damage, and now have 15/20 hp.
Okay, then.
Okay, then.
You hit the centaur. The centaur closely misses you. x2
The centaur barely misses you. The centaur kicks you. 😮 HP[-1]
You take 1 damage, and now have 14/20 hp.
You hit the centaur but do no damage. The centaur closely misses you. x2
The centaur hits you but does no damage.
The centaur kicks you. 😮 HP[-1]
You take 1 damage, and now have 13/20 hp.
You feel yourself speed up. The centaur hits you.
* * * LOW HITPOINT WARNING * * *
The centaur closely misses you. 😨 HP[-4]
You take 4 damage, and now have 9/20 hp.
You hit the centaur. The centaur barely misses you. The centaur misses you.
You hit the centaur but do no damage. The centaur misses you.
The centaur closely misses you. The centaur hits you.
* * * LOW HITPOINT WARNING * * *
The centaur closely misses you. 😱 HP[-6]
You take 6 damage, and now have 3/20 hp.
MASSIVE DAMAGE!! (PAUSE)
You hit the centaur. The centaur hits you.
You die...

Action                   || total
-------------------------++-------
Melee: Falchion          ||     8
  Use: Potion            ||     2
       Scroll            ||     1
 Stab: Sleeping          ||     1
Armor: Leather armour    ||     7
Dodge: Dodged            ||    17

Levels and vault maps discovered:
D:4:      layout_basic, nicolae_yredelemnul_ghost_church, lemuel_round_altar,
          kennysheep_cross_bottleneck, serial_bayou_crossing
D:5:      minmay_goblin_kobold_castle, layout_loops_ring,
          minmay_temple_entry_overgrown, uniq_pikel, uniq_crazy_yiuf_cottage,
          uniq_blork_the_orc

Notes
Turn   | Place    | Note
-------+----------+-------------------------------------------
     0 | D:5      | spaghetti the Djinni Delver began the quest for the Orb.
     0 | D:5      | Reached XP level 1. HP: 20/20 MP: 0/0
     0 | D:5      | magus.rc [v1.9.6]
     7 | D:5      | Noticed a lemure
     7 | D:5      | Noticed a lemure
     7 | D:5      | Noticed Pikel
    15 | D:5      | Noticed a lemure
    15 | D:5      | Noticed a lemure
    23 | D:5      | Noticed a centaur
    34 | D:5      | HP: 3/20 [centaur (6)]
    35 | D:5      | Slain by a centaur

Vanquished Creatures (others)
  A plant (D:5)
1 creature vanquished.

Table legend:
 A = Non-vault XP
 B = Vault XP
 C = Vault XP percentage of total XP
 D = Non-vault monster count
 E = Vault monster count
 F = Vault count percentage of total count
                 A         B        C        D         E       F
            +---------+---------+-------+---------+---------+-------
      Total |       0 |       0 |   N/A |       0 |       0 |  -nan
            +---------+---------+-------+---------+---------+-------
            +---------+---------+-------+---------+---------+-------

Illustrated notes

Table legend: (Time is in decaauts)
 A = Elapsed time spent in this place.
 B = Non-inter-level travel time spent in this place.
 C = Inter-level travel time spent in this place.
 D = Time resting spent in this place.
 E = Time spent auto-exploring this place.
 F = Levels seen in this place.
 G = Mean time per level.
                   A        B        C        D        E       F      G
               +--------+--------+--------+--------+--------+-----+--------+
         Total |     36 |     36 |      0 |      0 |      6 |   2 |   18.0 |
       Dungeon |     36 |     36 |      0 |      0 |      6 |   2 |   18.0 |
               +--------+--------+--------+--------+--------+-----+--------+

Top non-repeatable levels by time:
     D:5: 30 daAuts
     D:4: 5 daAuts
